% Time on Ice - SASKATOON DUCKS
Lines # - Real PCT - Wanted PCT - Time Play
Normal Forward
1 - 29% - 36% - 12:51
2 - 31% - 36% - 13:32
3 - 26% - 23% - 11:37
4 - 14% - 5% - 6:07
Normal Defense
1 - 36% - 36% - 15:44
2 - 30% - 31% - 13:18
3 - 28% - 23% - 12:27
4 - 6% - 10% - 2:38
PP Forward
1 - 49% - 55% - 4:52
2 - 51% - 45% - 5:03
PP Defense
1 - 52% - 55% - 5:09
2 - 48% - 45% - 4:46
PK Forward
1 - 69% - 55% - 2:45
2 - 31% - 45% - 1:14
PK Defense
1 - 46% - 55% - 1:49
2 - 54% - 45% - 2:10
PK3 Forward
1 - 0% - 55%
2 - 0% - 45%
PK3 Defense
1 - 0% - 55%
2 - 0% - 45%
44 Forward
1 - 46% - 55% - 0:55
2 - 54% - 45% - 1:04
44 Defense
1 - 81% - 55% - 1:36
2 - 19% - 45% - 0:23
Last Minute Offensive  - 0:00
Last Minute Defensive  - 0:00
Total
Forward - 60:00
Defense - 60:00
% Time on Ice - REGINA FALCONS
Lines # - Real PCT - Wanted PCT - Time Play
Normal Forward
1 - 30% - 36% - 13:15
2 - 28% - 31% - 12:32
3 - 34% - 23% - 15:07
4 - 7% - 10% - 3:13
Normal Defense
1 - 30% - 36% - 13:08
2 - 28% - 31% - 12:16
3 - 34% - 23% - 14:56
4 - 9% - 10% - 3:47
PP Forward
1 - 53% - 55% - 2:06
2 - 47% - 45% - 1:53
PP Defense
1 - 44% - 55% - 1:45
2 - 56% - 45% - 2:14
PK Forward
1 - 62% - 55% - 6:08
2 - 38% - 45% - 3:47
PK Defense
1 - 54% - 55% - 5:23
2 - 46% - 45% - 4:32
PK3 Forward
1 - 0% - 55%
2 - 0% - 45%
PK3 Defense
1 - 0% - 55%
2 - 0% - 45%
44 Forward
1 - 69% - 55% - 1:22
2 - 31% - 45% - 0:37
44 Defense
1 - 69% - 55% - 1:22
2 - 31% - 45% - 0:37
Last Minute Offensive  - 0:00
Last Minute Defensive  - 0:00
Total
Forward - 60:00
Defense - 60:00
Play-by-Play 1st period 0:01 of 1st period - Rickard Rakell wins face-off versus Sidney Crosby in neutral zone. 0:04 of 1st period - Samuel Girard is hit by Max Jones and loses puck. 0:15 of 1st period - Shot by Sidney Crosby. 0:15 of 1st period - Deflect By Ivan Barbashev. 0:15 of 1st period - Stopped by Anton Khudobin without a rebound. 0:16 of 1st period - Alexander Kerfoot wins face-off versus John Tavares in REGINA FALCONS zone. 0:39 of 1st period - Shot by Alexander Kerfoot. 0:39 of 1st period - Stopped by Tristan Jarry without a rebound. 0:40 of 1st period - Nils Aman wins face-off versus Simon Ryfors in SASKATOON DUCKS zone. 0:47 of 1st period - Ryker Evans is hit by Kasperi Kapanen and loses puck. 1:06 of 1st period - Shot by Kailer Yamamoto. 1:06 of 1st period - Shot Misses the Net. 1:16 of 1st period - Shot by Simon Ryfors. 1:16 of 1st period - Shot Blocked by Jaycob Megna. 1:18 of 1st period - Shot by Pavol Regenda. 1:18 of 1st period - Stopped by Tristan Jarry without a rebound. 1:19 of 1st period - Rickard Rakell wins face-off versus Sidney Crosby in SASKATOON DUCKS zone. 1:44 of 1st period - Shot by Jake Guentzel. 1:44 of 1st period - Stopped by Anton Khudobin without a rebound. 1:45 of 1st period - Alexander Kerfoot wins face-off versus John Tavares in REGINA FALCONS zone. 1:50 of 1st period - Shot by Ryan Strome. 1:50 of 1st period - Shot Blocked by Alexander Kerfoot. 1:55 of 1st period - Icing by Marco Scandella. 1:56 of 1st period - Alexander Kerfoot wins face-off versus Jake Guentzel in REGINA FALCONS zone. 3:16 of 1st period - Shot by Rickard Rakell. 3:16 of 1st period - Stopped by Tristan Jarry without a rebound. 3:17 of 1st period - Nils Aman wins face-off versus Simon Ryfors in SASKATOON DUCKS zone. 3:32 of 1st period - Shot by Simon Ryfors. 3:32 of 1st period - Shot Misses the Net. 3:44 of 1st period - Shot by Pavol Regenda. 3:44 of 1st period - Stopped by Tristan Jarry without a rebound. 3:45 of 1st period - Egor Afanasyev wins face-off versus Mathieu Joseph in SASKATOON DUCKS zone. 3:48 of 1st period - Shot by Andrei Kuzmenko. 3:48 of 1st period - Shot Misses the Net. 4:14 of 1st period - Shot by John Klingberg. 4:14 of 1st period - Shot Misses the Net. 4:16 of 1st period - Shot by Rickard Rakell. 4:16 of 1st period - Deflect By Andrei Kuzmenko. 4:16 of 1st period - Shot Misses the Net. 4:40 of 1st period - Shot by Simon Ryfors. 4:40 of 1st period - Shot Misses the Net. 4:42 of 1st period - Shot by Pavol Regenda. 4:42 of 1st period - Shot Blocked by Chris Tanev. 5:06 of 1st period - Shot by Simon Ryfors. 5:06 of 1st period - Stopped by Tristan Jarry without a rebound. 5:07 of 1st period - Sidney Crosby wins face-off versus Alexander Kerfoot in SASKATOON DUCKS zone. 5:07 of 1st period - Jake Sanderson is hit by Dominik Kubalik and loses puck. 5:11 of 1st period - Sidney Crosby is hit by Patric Hornqvist. 5:41 of 1st period - Shot by Alexander Kerfoot. 5:41 of 1st period - Shot Misses the Net. 6:28 of 1st period - Icing by Simon Benoit. 6:29 of 1st period - Rickard Rakell wins face-off versus Kailer Yamamoto in SASKATOON DUCKS zone. 6:47 of 1st period - Shot by Nils Aman. 6:47 of 1st period - Stopped by Anton Khudobin without a rebound. 6:48 of 1st period - Simon Ryfors wins face-off versus John Tavares in REGINA FALCONS zone. 7:07 of 1st period - Shot by John Tavares. 7:07 of 1st period - Deflect By Ryan Strome. 7:07 of 1st period - Shot Misses the Net. 7:09 of 1st period - Shot by Chris Tanev. 7:09 of 1st period - Stopped by Anton Khudobin without a rebound. 7:10 of 1st period - Sidney Crosby wins face-off versus Rickard Rakell in REGINA FALCONS zone. 7:18 of 1st period - Minor Penalty to Zach Bogosian for Hooking. 7:19 of 1st period - Sidney Crosby wins face-off versus Rickard Rakell in REGINA FALCONS zone. 9:07 of 1st period - Shot by Sidney Crosby. 9:07 of 1st period - Shot Misses the Net. 9:09 of 1st period - Shot by Sidney Crosby. 9:09 of 1st period - Shot Blocked by Rickard Rakell. 9:11 of 1st period - Shot by Sidney Crosby. 9:11 of 1st period - Stopped by Anton Khudobin without a rebound. 9:12 of 1st period - Sidney Crosby wins face-off versus Dominik Kubalik in REGINA FALCONS zone. 9:31 of 1st period - Shot by Kailer Yamamoto. 9:31 of 1st period - Shot Blocked by Ryker Evans. 9:35 of 1st period - Shot by Kailer Yamamoto. 9:35 of 1st period - Shot Misses the Net. 9:37 of 1st period - Shot by Kasperi Kapanen. 9:37 of 1st period - Stopped by Anton Khudobin without a rebound. 9:38 of 1st period - Alexander Kerfoot wins face-off versus Jake Guentzel in REGINA FALCONS zone. 9:38 of 1st period - Alexander Kerfoot is hit by Matt Martin. 10:14 of 1st period - Shot by Patric Hornqvist. 10:14 of 1st period - Shot Blocked by Samuel Girard. 10:16 of 1st period - Shot by Alexander Kerfoot. 10:16 of 1st period - Shot Misses the Net. 10:32 of 1st period - Shot by Pavol Regenda. 10:32 of 1st period - Shot Misses the Net. 10:42 of 1st period - Shot by Simon Ryfors. 10:42 of 1st period - Stopped by Tristan Jarry without a rebound. 10:43 of 1st period - John Tavares wins face-off versus Rickard Rakell in SASKATOON DUCKS zone. 10:43 of 1st period - John Tavares is hit by Max Jones. 10:55 of 1st period - Shot by John Tavares. 10:55 of 1st period - Shot Blocked by Andrei Kuzmenko. 11:21 of 1st period - Icing by John Klingberg. 11:22 of 1st period - Nils Aman wins face-off versus Rickard Rakell in REGINA FALCONS zone. 11:45 of 1st period - Shot by Nils Aman. 11:45 of 1st period - Stopped by Anton Khudobin without a rebound. 11:46 of 1st period - Alexander Kerfoot wins face-off versus Jake Guentzel in REGINA FALCONS zone. 12:57 of 1st period - Shot by John Tavares. 12:57 of 1st period - Stopped by Anton Khudobin with a rebound. 12:59 of 1st period - Shot by John Tavares. 12:59 of 1st period - Shot Misses the Net. 13:29 of 1st period - Shot by Mathieu Joseph. 13:29 of 1st period - Stopped by Anton Khudobin without a rebound. 13:30 of 1st period - Rickard Rakell wins face-off versus Nils Aman in REGINA FALCONS zone. 13:30 of 1st period - Andrei Kuzmenko is hit by Kasperi Kapanen and loses puck. 14:57 of 1st period - Shot by Sidney Crosby. 14:57 of 1st period - Deflect By Jake Guentzel. 14:57 of 1st period - Shot Blocked by Pavol Regenda. 14:59 of 1st period - Shot by Samuel Girard. 14:59 of 1st period - Deflect By Sidney Crosby. 14:59 of 1st period - Goal by Sidney Crosby - SASKATOON DUCKS : 1 - REGINA FALCONS : 0. 15:00 of 1st period - John Tavares wins face-off versus Egor Afanasyev in neutral zone. 15:25 of 1st period - Shot by Mathieu Joseph. 15:25 of 1st period - Stopped by Anton Khudobin with a rebound. 16:03 of 1st period - Shot by Sidney Crosby. 16:03 of 1st period - Deflect By Jake Guentzel. 16:03 of 1st period - Stopped by Anton Khudobin without a rebound. 16:04 of 1st period - Jeff Malott wins face-off versus Milan Lucic in REGINA FALCONS zone. 17:06 of 1st period - Off-side. 17:07 of 1st period - John Tavares wins face-off versus Alexander Kerfoot in neutral zone. 17:07 of 1st period - Mathieu Joseph is hit by Patric Hornqvist and loses puck. 17:15 of 1st period - Mathieu Joseph is hit by Pierre-Olivier Joseph and loses puck. 17:20 of 1st period - Shot by Mathieu Joseph. 17:20 of 1st period - Deflect By John Tavares. 17:20 of 1st period - Stopped by Anton Khudobin without a rebound. 17:21 of 1st period - Kasperi Kapanen wins face-off versus Rickard Rakell in REGINA FALCONS zone. 17:33 of 1st period - Icing by Ben Chiarot. 17:34 of 1st period - Nils Aman wins face-off versus Alexander Kerfoot in SASKATOON DUCKS zone. 17:56 of 1st period - Icing by Ben Chiarot. 17:57 of 1st period - Simon Ryfors wins face-off versus Nils Aman in SASKATOON DUCKS zone. 18:26 of 1st period - Pavol Regenda is hit by Kasperi Kapanen and loses puck. 18:51 of 1st period - Shot by Jake Guentzel. 18:51 of 1st period - Shot Misses the Net. 18:53 of 1st period - Shot by Jake Sanderson. 18:53 of 1st period - Shot Blocked by Peetro Seppala. 18:55 of 1st period - Shot by Jake Sanderson. 18:55 of 1st period - Deflect By Jake Guentzel. 18:55 of 1st period - Stopped by Anton Khudobin without a rebound. 18:56 of 1st period - John Tavares wins face-off versus Rickard Rakell in REGINA FALCONS zone. 19:35 of 1st period - Shot by Rickard Rakell. 19:35 of 1st period - Shot Misses the Net. 19:57 of 1st period - Shot by Dominik Kubalik. 19:57 of 1st period - Stopped by Tristan Jarry without a rebound. 19:58 of 1st period - Sidney Crosby wins face-off versus Alexander Kerfoot in SASKATOON DUCKS zone. Goals for this period are 1 for SASKATOON DUCKS vs 0 for REGINA FALCONS. Shots for this period are 14 for SASKATOON DUCKS vs 7 for REGINA FALCONS. 2nd period 0:01 of 2nd period - Rickard Rakell wins face-off versus Sidney Crosby in neutral zone. 0:04 of 2nd period - Samuel Girard is hit by Rickard Rakell. 0:09 of 2nd period - Icing by Zach Bogosian. 0:10 of 2nd period - Sidney Crosby wins face-off versus Max Jones in REGINA FALCONS zone. 0:21 of 2nd period - Shot by Andrei Kuzmenko. 0:21 of 2nd period - Shot Misses the Net. 0:31 of 2nd period - Shot by Jake Guentzel. 0:31 of 2nd period - Shot Blocked by John Klingberg. 0:33 of 2nd period - Shot by Jake Guentzel. 0:33 of 2nd period - Shot Misses the Net. 0:35 of 2nd period - Shot by Sidney Crosby. 0:35 of 2nd period - Goal by Sidney Crosby - SASKATOON DUCKS : 2 - REGINA FALCONS : 0. 0:36 of 2nd period - John Tavares wins face-off versus Alexander Kerfoot in neutral zone. 0:45 of 2nd period - Shot by Alexander Kerfoot. 0:45 of 2nd period - Stopped by Tristan Jarry without a rebound. 0:46 of 2nd period - Simon Ryfors wins face-off versus Jake Guentzel in SASKATOON DUCKS zone. 0:51 of 2nd period - Shot by Simon Ryfors. 0:51 of 2nd period - Deflect By Jeff Malott. 0:51 of 2nd period - Stopped by Tristan Jarry without a rebound. 0:52 of 2nd period - Rickard Rakell wins face-off versus Sidney Crosby in SASKATOON DUCKS zone. 0:59 of 2nd period - Shot by Andrei Kuzmenko. 0:59 of 2nd period - Goal by Andrei Kuzmenko - SASKATOON DUCKS : 2 - REGINA FALCONS : 1. 1:00 of 2nd period - Sidney Crosby wins face-off versus Andrei Kuzmenko in neutral zone. 1:07 of 2nd period - Shot by Jake Guentzel. 1:07 of 2nd period - Deflect By Ivan Barbashev. 1:07 of 2nd period - Stopped by Anton Khudobin with a rebound. 1:23 of 2nd period - Shot by Sidney Crosby. 1:23 of 2nd period - Deflect By Jake Guentzel. 1:23 of 2nd period - Shot Misses the Net. 1:31 of 2nd period - Shot by Jake Guentzel. 1:31 of 2nd period - Shot Blocked by Rickard Rakell. 1:33 of 2nd period - Shot by Jake Sanderson. 1:33 of 2nd period - Stopped by Anton Khudobin without a rebound. 1:34 of 2nd period - Alexander Kerfoot wins face-off versus John Tavares in REGINA FALCONS zone. 1:52 of 2nd period - Icing by Pierre-Olivier Joseph. 1:53 of 2nd period - Alexander Kerfoot wins face-off versus Nils Aman in REGINA FALCONS zone. 2:16 of 2nd period - Shot by Alexander Kerfoot. 2:16 of 2nd period - Shot Misses the Net. 2:18 of 2nd period - Shot by Pierre-Olivier Joseph. 2:18 of 2nd period - Shot Blocked by Simon Benoit. 2:20 of 2nd period - Shot by Dominik Kubalik. 2:20 of 2nd period - Shot Misses the Net. 2:54 of 2nd period - Shot by Sidney Crosby. 2:54 of 2nd period - Shot Misses the Net. 3:38 of 2nd period - Shot by Pavol Regenda. 3:38 of 2nd period - Shot Misses the Net. 5:11 of 2nd period - Icing by Ryker Evans. 5:12 of 2nd period - Simon Ryfors wins face-off versus Nils Aman in REGINA FALCONS zone. 5:14 of 2nd period - Icing by Pavol Regenda. 5:15 of 2nd period - Simon Ryfors wins face-off versus Kasperi Kapanen in REGINA FALCONS zone. 5:32 of 2nd period - Icing by Nils Aman. 5:33 of 2nd period - Rickard Rakell wins face-off versus Nils Aman in SASKATOON DUCKS zone. 5:34 of 2nd period - Shot by Max Jones. 5:34 of 2nd period - Deflect By Rickard Rakell. 5:34 of 2nd period - Stopped by Tristan Jarry with a rebound. 6:14 of 2nd period - Shot by Rickard Rakell. 6:14 of 2nd period - Deflect By Andrei Kuzmenko. 6:14 of 2nd period - Stopped by Tristan Jarry without a rebound. 6:15 of 2nd period - Alexander Kerfoot wins face-off versus Ivan Barbashev in SASKATOON DUCKS zone. 6:26 of 2nd period - Jake Sanderson is hit by Patric Hornqvist. 6:35 of 2nd period - Jake Guentzel is hit by Pierre-Olivier Joseph and loses puck. 6:49 of 2nd period - Minor Penalty to Marco Scandella for Holding. 6:50 of 2nd period - Ryan Strome wins face-off versus Rickard Rakell in REGINA FALCONS zone. 7:23 of 2nd period - Shot by Mathieu Joseph. 7:23 of 2nd period - Stopped by Anton Khudobin without a rebound. 7:24 of 2nd period - Sidney Crosby wins face-off versus Rickard Rakell in REGINA FALCONS zone. 7:44 of 2nd period - Alexander Kerfoot is hit by Jake Guentzel and loses puck. 8:46 of 2nd period - Ryan Strome is hit by Pierre-Olivier Joseph and loses puck. 9:10 of 2nd period - Shot by Kailer Yamamoto. 9:10 of 2nd period - Stopped by Anton Khudobin without a rebound. 9:11 of 2nd period - Rickard Rakell wins face-off versus Jake Guentzel in REGINA FALCONS zone. 9:35 of 2nd period - Jake Guentzel is hit by Logan Stanley and loses puck. 9:44 of 2nd period - Max Jones is hit by Matt Martin. 10:20 of 2nd period - Minor Penalty to Pierre-Olivier Joseph for High sticking. 10:21 of 2nd period - Ryan Strome wins face-off versus Rickard Rakell in REGINA FALCONS zone. 10:42 of 2nd period - Shot by Mathieu Joseph. 10:42 of 2nd period - Stopped by Anton Khudobin with a rebound. 11:30 of 2nd period - Icing by Jake Guentzel. 11:31 of 2nd period - Dominik Kubalik wins face-off versus Sidney Crosby in SASKATOON DUCKS zone. 11:40 of 2nd period - Dominik Kubalik is hit by Sidney Crosby and loses puck. 12:37 of 2nd period - Shot by Simon Ryfors. 12:37 of 2nd period - Shot Blocked by Simon Benoit. 12:55 of 2nd period - Shot by Pavol Regenda. 12:55 of 2nd period - Shot Blocked by Simon Benoit. 12:57 of 2nd period - Shot by Pavol Regenda. 12:57 of 2nd period - Shot Misses the Net. 12:59 of 2nd period - Shot by Pavol Regenda. 12:59 of 2nd period - Deflect By Simon Ryfors. 12:59 of 2nd period - Stopped by Tristan Jarry with a rebound. 13:20 of 2nd period - Icing by Marco Scandella. 13:21 of 2nd period - John Tavares wins face-off versus Rickard Rakell in REGINA FALCONS zone. 14:17 of 2nd period - Off-side. 14:18 of 2nd period - Sidney Crosby wins face-off versus Simon Ryfors in neutral zone. 14:24 of 2nd period - Jake Guentzel is hit by Zach Bogosian and loses puck. 14:43 of 2nd period - Icing by Ben Chiarot. 14:44 of 2nd period - Sidney Crosby wins face-off versus Rickard Rakell in SASKATOON DUCKS zone. 14:44 of 2nd period - Sidney Crosby is hit by Rickar